[Event "48th Indian U15-ch Open 2023"]
[Site "Jalgaon"]
[Date "2024.02.04"]
[Round "11.3"]
[White "Samyak Dharewa"]
[Black "Md Imran"]
[Result "1-0"]
[ECO "B99"]
[WhiteElo "1939"]
[BlackElo "2174"]
[Annotator "RC"]
[PlyCount "77"]
[EventDate "2023.12.30"]
[EventType "swiss"]
[EventCountry "IND"]
[SourceTitle "playchess.com"]
[Source "ChessBase"]
[SourceQuality "1"]
[TimeControl "5400+30"]

1. e4 c5 2. Nf3 d6 3. d4 cxd4 4. Nxd4 Nf6 5. Nc3 a6 6. Bg5 e6 7. f4 Be7 8. Qf3 Nbd7 9. O-O-O h6 10. Bh4 Qc7 11. Bd3 g5 12. fxg5 Ne5 13. Qe2 Nfg4 14. Nf3 Nxf3 15. Qxf3 hxg5 16. Bg3 Ne5 17. Bxe5 dxe5 18. Rdf1 Rh7 19. h4 gxh4 20. Qg4 Bf8 21. Rxh4 Rg7 22. Qh3 Qe7 23. Rg4 Rxg4 24. Qxg4 Bh6+ 25. Kb1 Qg5 26. Qf3 Qg7 27. Qf2 Bd7 28. Be2 Qf8 29. Qb6 Bc6 30. Bh5 Bf4 31. g3 Qh8 32. Bxf7+ Kxf7 33. gxf4 Ke8 34. Qc7 exf4 35. Nd5 exd5 36. exd5 Qf6 37. dxc6 bxc6 38. Rg1 Kf8 39. Qh7 1-0

[Event "48th Indian U15-ch Open 2023"]
[Site "Jalgaon"]
[Date "2024.02.04"]
[Round "11.4"]
[White "Vivaan Vijay Saraogi"]
[Black "Rohith S"]
[Result "1-0"]
[ECO "B94"]
[WhiteElo "1982"]
[BlackElo "1757"]
[Annotator "RC"]
[PlyCount "87"]
[EventDate "2023.12.30"]
[EventType "swiss"]
[EventCountry "IND"]
[SourceTitle "playchess.com"]
[Source "ChessBase"]
[SourceQuality "1"]
[TimeControl "5400+30"]

1. e4 c5 2. Nf3 d6 3. d4 cxd4 4. Nxd4 Nf6 5. Nc3 a6 6. Bg5 Nbd7 7. f4 Qc7 8. Qf3 b5 9. O-O-O Bb7 10. Bd3 g6 11. Rhe1 Bg7 12. Nd5 Nxd5 13. exd5 Nf6 14. Nc6 Bxc6 15. dxc6 O-O 16. h4 Rac8 17. h5 Qxc6 18. Qxc6 Rxc6 19. h6 Bh8 20. Rxe7 Nd5 21. Rb7 Rc7 22. Rxc7 Nxc7 23. Be7 Rc8 24. Be4 f5 25. Bc6 Kf7 26. Bxd6 Rd8 27. Bxc7 Bxb2+ 28. Kxb2 Rxd1 29. Be5 Rh1 30. Bd5+ Ke7 31. Bg7 Rh4 32. Be5 Rxh6 33. Bb7 a5 34. a4 bxa4 35. c4 g5 36. c5 gxf4 37. c6 f3 38. gxf3 a3+ 39. Kxa3 Rxc6 40. Bxc6 h5 41. f4 h4 42. Bg2 Kf7 43. Bh3 Kg6 44. Ka4 1-0

[Event "48th Indian U15-ch Open 2023"]
[Site "Jalgaon"]
[Date "2024.02.04"]
[Round "11.5"]
[White "Bivor Adak"]
[Black "Mrithyunjay Mahadevan"]
[Result "1/2-1/2"]
[ECO "A36"]
[WhiteElo "1791"]
[BlackElo "1944"]
[Annotator "RC"]
[PlyCount "83"]
[EventDate "2023.12.30"]
[EventType "swiss"]
[EventCountry "IND"]
[SourceTitle "playchess.com"]
[Source "ChessBase"]
[SourceQuality "1"]
[TimeControl "5400+30"]

1. Nf3 g6 2. c4 c5 3. Nc3 Bg7 4. g3 Nc6 5. Bg2 e6 6. e3 Nge7 7. d4 cxd4 8. Nxd4 a6 9. O-O O-O 10. b3 Rb8 11. Bb2 Nxd4 12. exd4 b5 13. cxb5 axb5 14. Qd2 d5 15. Rfd1 Nc6 16. Ne2 b4 17. Nf4 Qb6 18. Rac1 Rd8 19. Rc5 Bf8 20. Rc2 Bb7 21. Qe3 Ne7 22. g4 Ra8 23. Ba1 Rdc8 24. Rdc1 Bh6 25. h4 Qd6 26. g5 Nf5 27. Qd2 Bf8 28. h5 Be7 29. Nd3 gxh5 30. Ne5 Rxc2 31. Rxc2 Rc8 32. Rxc8+ Bxc8 33. Qe2 Qc7 34. Bb2 Bxg5 35. Qxh5 Bf6 36. Bh3 Ng7 37. Qh6 Be7 38. Bc1 f6 39. Nd3 Qc3 40. Qe3 Ba6 41. Bxe6+ Kf8 42. Nf4 1/2-1/2

[Event "48th Indian U15-ch Open 2023"]
[Site "Jalgaon"]
[Date "2024.02.04"]
[Round "11.6"]
[White "Vatsal Singla"]
[Black "Jain, Kushagra"]
[Result "1/2-1/2"]
[ECO "B22"]
[WhiteElo "1714"]
[BlackElo "1804"]
[Annotator "NA RC"]
[PlyCount "60"]
[EventDate "2023.12.30"]
[EventType "swiss"]
[EventCountry "IND"]
[SourceTitle "playchess.com"]
[Source "ChessBase"]
[SourceQuality "1"]
[TimeControl "5400+30"]

1. e4 c5 2. c3 d5 3. exd5 Nf6 4. Qa4+ Nbd7 5. Qb3 Nb6 6. Bb5+ Bd7 7. c4 e6 8. dxe6 fxe6 9. Nf3 Bd6 10. d3 O-O 11. Bxd7 Nbxd7 12. Bg5 Ne5 13. Nbd2 Qc7 14. Nxe5 Bxe5 15. Bxf6 Rxf6 16. Ne4 Rg6 17. g3 Bd4 18. h4 Rf8 19. Qc2 e5 20. O-O (20. Rd1 $14) 20... Qd8 21. Qe2 Qxh4 22. Kg2 Qf4 23. Rab1 (23. Rh1 $5 ) 23... a5 24. a3 b6 25. Rh1 h6 26. Rhf1 Qf5 $11 27. Rh1 Qf4 28. Rhf1 Qf5 29. Rh1 Qf4 30. Rhf1 Qf5 1/2-1/2

[Event "48th Indian U15-ch Open 2023"]
[Site "Jalgaon"]
[Date "2024.02.04"]
[Round "11.7"]
[White "Madhvendra Pratap Sharma"]
[Black "Tirth Jayeshkumar Parmar"]
[Result "1/2-1/2"]
[ECO "B35"]
[WhiteElo "1803"]
[BlackElo "1612"]
[Annotator "NA RC"]
[PlyCount "80"]
[EventDate "2023.12.30"]
[EventType "swiss"]
[EventCountry "IND"]
[SourceTitle "playchess.com"]
[Source "ChessBase"]
[SourceQuality "1"]
[TimeControl "5400+30"]

1. e4 c5 2. Nf3 Nc6 3. d4 cxd4 4. Nxd4 g6 5. Nc3 Bg7 6. Be3 Nf6 7. Bc4 O-O 8. Bb3 a5 9. Ndb5 a4 10. Nxa4 Qa5+ 11. Nac3 Nxe4 12. O-O Nxc3 13. Nxc3 d6 14. Qd2 Qh5 15. f4 Be6 16. Rae1 Na5 17. Bd4 Nxb3 18. axb3 Bh6 19. Ne4 Qd5 20. c4 Qc6 21. Ng5 Bxg5 22. fxg5 Qd7 23. Qe3 b5 24. Rf4 Rfe8 25. Re4 Rab8 26. c5 dxc5 27. Bxc5 Rbc8 28. b4 Rcd8 29. Rd4 Qb7 30. Red1 (30. Qe5 $5 Ra8 31. Rde4 $14) 30... Qc7 31. R1d2 Bf5 32. Rxd8 Rxd8 {[%emt 0:00:01] [#]} 33. Qe5 $16 {[%emt 0:00:32] Deflection} Qc8 34. Rxd8+ Qxd8 35. h3 f6 36. Qe3 Kf7 37. gxf6 exf6 38. Qh6 g5 39. Qh5+ Bg6 40. Qe2 Qd7 1/2-1/2

[Event "48th Indian U15-ch Open 2023"]
[Site "Jalgaon"]
[Date "2024.02.04"]
[Round "11.8"]
[White "Sherla Prathamesh"]
[Black "Shaik Sumer Arsh"]
[Result "1-0"]
[ECO "A22"]
[WhiteElo "1726"]
[BlackElo "2255"]
[Annotator "RC"]
[PlyCount "105"]
[EventDate "2023.12.30"]
[EventType "swiss"]
[EventCountry "IND"]
[SourceTitle "playchess.com"]
[Source "ChessBase"]
[SourceQuality "1"]
[TimeControl "5400+30"]

1. c4 e5 2. Nc3 Nf6 3. g3 Bb4 4. e4 O-O 5. Nge2 d6 6. Bg2 Bxc3 7. bxc3 c6 8. O-O Nbd7 9. d3 Qc7 10. a4 Re8 11. h3 b6 12. f4 Bb7 13. g4 Nf8 14. Ng3 N6d7 15. Ra2 exf4 16. Bxf4 Ng6 17. Raf2 Nxf4 18. Rxf4 f6 19. h4 Ne5 20. Nf5 Bc8 21. g5 Bxf5 22. Rxf5 fxg5 23. hxg5 Qe7 24. Qd2 Rad8 25. d4 Ng6 26. e5 dxe5 27. Bxc6 Rf8 28. Bd5+ Kh8 29. Rf7 Qd6 30. Kh1 a5 31. Qe3 Rfe8 32. Qh3 Rf8 33. R1f2 Rxf7 34. Rxf7 Rf8 35. Qf5 exd4 36. Rxf8+ Qxf8 37. Qxf8+ Nxf8 38. cxd4 h6 39. gxh6 Ng6 40. c5 bxc5 41. dxc5 Ne7 42. Be4 gxh6 43. c6 Kg7 44. c7 Kf6 45. Bb7 Ke5 46. c8=Q Nxc8 47. Bxc8 Kf4 48. Kg2 h5 49. Kh3 Kg5 50. Ba6 Kf5 51. Kh4 Kg6 52. Bd3+ Kh6 53. Be4 1-0

[Event "48th Indian U15-ch Open 2023"]
[Site "Jalgaon"]
[Date "2024.02.04"]
[Round "11.9"]
[White "Bhuvan Krishna Prasanth"]
[Black "Vignesh Advaith Vemula"]
[Result "1/2-1/2"]
[ECO "B52"]
[WhiteElo "1595"]
[BlackElo "2028"]
[Annotator "RC"]
[PlyCount "71"]
[EventDate "2023.12.30"]
[EventType "swiss"]
[EventCountry "IND"]
[SourceTitle "playchess.com"]
[Source "ChessBase"]
[SourceQuality "1"]
[TimeControl "5400+30"]

1. e4 c5 2. Nf3 d6 3. Bb5+ Bd7 4. Bxd7+ Qxd7 5. O-O Nf6 6. Re1 Nc6 7. c3 e6 8. d4 cxd4 9. cxd4 d5 10. e5 Ne4 11. Nc3 Nxc3 12. bxc3 Be7 13. Nd2 O-O 14. Qg4 Rac8 15. Nb3 f5 16. exf6 Rxf6 17. Bf4 Rcf8 18. Bg3 Rg6 19. Qe2 Rf5 20. Nc1 h5 21. Nd3 h4 22. Be5 Rfg5 23. Nf4 Nxe5 24. dxe5 Rh6 25. Kh1 Qc7 26. Rac1 Rf5 27. Nh3 Bg5 28. Nxg5 Rxg5 29. f4 Rf5 30. c4 d4 31. Qe4 Qf7 32. Rf1 g5 33. Qxd4 gxf4 34. Qd8+ Kg7 35. Rcd1 Rh8 36. Qd4 1/2-1/2

[Event "48th Indian U15-ch Open 2023"]
[Site "Jalgaon"]
[Date "2024.02.04"]
[Round "11.10"]
[White "Ankit Ray"]
[Black "Mokshith, Pasupulety"]
[Result "1-0"]
[ECO "D02"]
[WhiteElo "1898"]
[BlackElo "1478"]
[Annotator "NA RC"]
[PlyCount "39"]
[EventDate "2023.12.30"]
[EventType "swiss"]
[EventCountry "IND"]
[SourceTitle "playchess.com"]
[Source "ChessBase"]
[SourceQuality "1"]
[TimeControl "5400+30"]

1. Nf3 d5 2. g3 Nd7 3. d4 Nb6 4. Nc3 Bf5 5. Nh4 e6 6. Nxf5 exf5 7. Bg2 c6 8. a4 a5 9. O-O Nf6 10. Qd3 g6 11. b3 Ne4 12. Qe3 Be7 13. Nxe4 fxe4 14. f3 exf3 15. Qxf3 f5 16. g4 O-O 17. Bh6 Rf7 18. gxf5 Rxf5 19. Qg4 Bf6 20. Rxf5 1-0